R+ - U24
ELIZABETHTON TWINS @ GREAT FALLS VOYAGERS
08/28/2052
 
TOP OF THE 1ST
Burlington Sock Puppets batting - Pitching for Billings Mustangs : RHP Jameon Sage
Pitching: RHP Jameon Sage
Batting: SHB Arbert Reinosa 0-0: Called Strike
0-1: Called Strike
0-2: Ball
1-2: Ball
2-2: Foul Ball, location: 2F
2-2: Foul Ball, location: 2F
2-2: Ball
3-2: Base on Balls
Batting: RHB Joshua Peterson 0-0: Called Strike
0-1: Foul Ball, location: 2F
0-2: Strikes out swinging
Batting: RHB Luís Barraco 0-0: Called Strike
0-1: Swinging Strike
0-2: Foul Ball, location: 2F
0-2: Ball
1-2: Ball
2-2: Foul Ball, location: 2F
2-2: Foul Ball, location: 2F
2-2: Ball
3-2: Strikes out swinging
Batting: LHB Cade Richmond 0-0: Called Strike
Arbert Reinosa steals 2nd base
0-1: Ball
1-1: Ball
2-1: Called Strike
2-2: Strikes out swinging
Top of the 1st over - 0 runs, 0 hits, 0 errors, 1 left on base; Burlington 0 - Billings 0
BOTTOM OF THE 1ST
Billings Mustangs batting - Pitching for Burlington Sock Puppets : RHP Kennedy Bentz
Pitching: RHP Kennedy Bentz
Batting: RHB Travis Parsons 0-0: Called Strike
0-1: Ground out 5-3 (Groundball, 56S, EV 91.9 MPH)
Batting: LHB Felipe Hernandez 0-0: Ball
1-0: Ball
2-0: Fly out, F3 (Popup, 3, EV 62.5 MPH)
Batting: LHB Greg Knauf 0-0: Ground out 4-3 (Groundball, 4, EV 103.1 MPH)
Bottom of the 1st over - 0 runs, 0 hits, 0 errors, 0 left on base; Burlington 0 - Billings 0
TOP OF THE 2ND
Burlington Sock Puppets batting - Pitching for Billings Mustangs : RHP Jameon Sage
Batting: RHB Ronny Meckel 0-0: Foul Ball, location: 2F
0-1: Ground out 5-3 (Groundball, 56S, EV 73.1 MPH)
Batting: RHB Winfred Ruff 0-0: Called Strike
0-1: Ball
1-1: SINGLE (Line Drive, 3D, EV 98.8 MPH)
Batting: RHB Kraig Cuevas 0-0: Called Strike
0-1: Ball
1-1: Ball
2-1: Ball
3-1: Grounds into double play, 3-6-3 (Groundball, 34, EV 105.6 MPH)
Top of the 2nd over - 0 runs, 1 hit, 0 errors, 0 left on base; Burlington 0 - Billings 0
BOTTOM OF THE 2ND
Billings Mustangs batting - Pitching for Burlington Sock Puppets : RHP Kennedy Bentz
Pitching: RHP Oliver Rodríguez
Batting: RHB Dalmacio Escobar 0-0: Called Strike
0-1: Foul Ball, location: 2F
0-2: Ball
1-2: Foul Ball, location: 2F
1-2: Foul Ball, location: 2F
1-2: Strikes out swinging
Batting: SHB Dwaine Echevarria 0-0: Called Strike
0-1: Foul Ball, location: 2F
0-2: SINGLE (Groundball, 56, EV 101.2 MPH)
Batting: RHB Jason O'Daniel 0-0: Foul Ball, location: 2F
0-1: Foul Ball, location: 2F
0-2: Fly out, F8 (Flyball, 8RS, EV 81.2 MPH)
Batting: RHB Brandon Kendall 0-0: Ball
1-0: Called Strike
1-1: Fly out, F6 (Line Drive, 6, EV 71.2 MPH)
Bottom of the 2nd over - 0 runs, 1 hit, 0 errors, 1 left on base; Burlington 0 - Billings 0
TOP OF THE 3RD
Burlington Sock Puppets batting - Pitching for Billings Mustangs : RHP Jameon Sage
Batting: RHB Sergio Garcia 0-0: Called Strike
0-1: Foul Ball, location: 2F
0-2: Foul Ball, location: 2F
0-2: Ground out 6-3 (Groundball, 6, EV 85.6 MPH)
Batting: RHB Fidel Reyes 0-0: Ball
1-0: Called Strike
1-1: Ground out 4-3 (Groundball, 4, EV 86.9 MPH)
Batting: SHB Arbert Reinosa 0-0: Ball
1-0: Ball
2-0: Ball
3-0: Called Strike
3-1: Base on Balls
Batting: RHB Joshua Peterson 0-0: Fly out, F8 (Flyball, 8RD, EV 101.9 MPH)
Top of the 3rd over - 0 runs, 0 hits, 0 errors, 1 left on base; Burlington 0 - Billings 0
BOTTOM OF THE 3RD
Billings Mustangs batting - Pitching for Burlington Sock Puppets : RHP Oliver Rodríguez
Batting: LHB Hayden Browman 0-0: Fly out, F8 (Flyball, 89D, EV 91.9 MPH)
Batting: RHB Willy Culbreth 0-0: Called Strike
0-1: Foul Ball, location: 2F
0-2: Ball
1-2: Ground out 6-3 (Groundball, 6, EV 95.6 MPH)
Batting: RHB Travis Parsons 0-0: Ball
1-0: Fly out, F9 (Flyball, 9LS, EV 87.5 MPH)
Bottom of the 3rd over - 0 runs, 0 hits, 0 errors, 0 left on base; Burlington 0 - Billings 0
TOP OF THE 4TH
Burlington Sock Puppets batting - Pitching for Billings Mustangs : RHP Jameon Sage
Batting: RHB Luís Barraco 0-0: Foul Ball, location: 2F
0-1: Foul Ball, location: 2F
0-2: Ball
1-2: Foul Ball, location: 2F
1-2: SINGLE (Line Drive, 78S, EV 91.2 MPH)
Batting: LHB Cade Richmond 0-0: Called Strike
0-1: Ball
1-1: Fly out, F8 (Line Drive, 8RD, EV 94.4 MPH)
Batting: RHB Ronny Meckel 0-0: Foul Ball, location: 2F
0-1: Swinging Strike
0-2: Strikes out swinging
Batting: RHB Winfred Ruff 0-0: Called Strike
0-1: Ball
1-1: Foul Ball, location: 2F
1-2: Ball
2-2: Fly out, F8 (Flyball, 8LD, EV 100.0 MPH)
Top of the 4th over - 0 runs, 1 hit, 0 errors, 1 left on base; Burlington 0 - Billings 0
BOTTOM OF THE 4TH
Billings Mustangs batting - Pitching for Burlington Sock Puppets : RHP Oliver Rodríguez
Batting: LHB Felipe Hernandez 0-0: Ball
1-0: Foul Ball, location: 2F
1-1: SINGLE (Line Drive, 7LS, EV 109.4 MPH)
Batting: LHB Greg Knauf 0-0: Ball
1-0: Called Strike
1-1: Ball
2-1: Ball
3-1: Fly out, F9 (Line Drive, 9, EV 95.6 MPH)
Batting: RHB Dalmacio Escobar 0-0: Fly out, F9 (Flyball, 9, EV 83.1 MPH)
Batting: SHB Dwaine Echevarria 0-0: Called Strike
0-1: Called Strike
0-2: Reached via error on a dropped throw from P, E3 (Groundball, 34S, EV 68.8 MPH)
Felipe Hernandez to second
Batting: RHB Jason O'Daniel 0-0: Called Strike
0-1: Ball
1-1: Ball
2-1: Foul Ball, location: 2F
2-2: Strikes out looking
Bottom of the 4th over - 0 runs, 1 hit, 1 error, 2 left on base; Burlington 0 - Billings 0
TOP OF THE 5TH
Burlington Sock Puppets batting - Pitching for Billings Mustangs : RHP Jameon Sage
Batting: RHB Kraig Cuevas 0-0: Ball
1-0: Foul Ball, location: 2F
1-1: Ball
2-1: Swinging Strike
2-2: Strikes out swinging
Batting: RHB Sergio Garcia 0-0: Called Strike
0-1: Ball
1-1: Foul Ball, location: 2F
1-2: Ball
2-2: Foul Ball, location: 2F
2-2: SINGLE (Line Drive, 89S, EV 96.2 MPH)
Batting: RHB Fidel Reyes 0-0: Called Strike
0-1: Foul Ball, location: 2F
0-2: Ball
1-2: Ball
2-2: Strikes out swinging
Batting: SHB Arbert Reinosa 0-0: Ball
1-0: Ball
2-0: Ball
3-0: Base on Balls
Sergio Garcia to second
Batting: RHB Joshua Peterson 0-0: Ball
1-0: Ball
2-0: DOUBLE (Line Drive, 5D, EV 103.1 MPH)
Sergio Garcia scores
Arbert Reinosa to third
Batting: RHB Luís Barraco 0-0: Called Strike
0-1: Called Strike
0-2: Strikes out swinging
Top of the 5th over - 1 run, 2 hits, 0 errors, 2 left on base; Burlington 1 - Billings 0
BOTTOM OF THE 5TH
Billings Mustangs batting - Pitching for Burlington Sock Puppets : RHP Oliver Rodríguez
Batting: RHB Brandon Kendall 0-0: Ball
1-0: SINGLE (Line Drive, 89M, EV 106.2 MPH)
Batting: LHB Hayden Browman 0-0: Ball
1-0: Bunted foul
1-1: Ball
2-1: Ball
3-1: Bunt missed!
3-2: Fly out, F7 (Flyball, 7, EV 80.6 MPH)
Batting: RHB Willy Culbreth 0-0: Called Strike
0-1: Fielders Choice at 2nd, 4-6 (Groundball, 34, EV 79.4 MPH)
Batting: RHB Travis Parsons 0-0: Called Strike
0-1: Ball
1-1: Swinging Strike
1-2: Ball
2-2: Foul Ball, location: 2F
2-2: Fly out, F7 (Line Drive, 7, EV 100.6 MPH)
Bottom of the 5th over - 0 runs, 1 hit, 0 errors, 1 left on base; Burlington 1 - Billings 0
TOP OF THE 6TH
Burlington Sock Puppets batting - Pitching for Billings Mustangs : RHP Jameon Sage
Batting: LHB Cade Richmond 0-0: Ball
1-0: Foul Ball, location: 2F
1-1: Fly out, F8 (Flyball, 8RXD, EV 98.8 MPH)
Batting: RHB Ronny Meckel 0-0: Called Strike
0-1: Ball
1-1: Foul Ball, location: 2F
1-2: Ball
2-2: Ball
3-2: Strikes out looking
Batting: RHB Winfred Ruff 0-0: Foul Ball, location: 2F
0-1: Ball
1-1: Ball
2-1: Called Strike
2-2: Ground out 4-3 (Groundball, 4, EV 87.5 MPH)
Top of the 6th over - 0 runs, 0 hits, 0 errors, 0 left on base; Burlington 1 - Billings 0
BOTTOM OF THE 6TH
Billings Mustangs batting - Pitching for Burlington Sock Puppets : RHP Oliver Rodríguez
Batting: LHB Felipe Hernandez 0-0: Ball
1-0: Foul Ball, location: 2F
1-1: Ball
2-1: Foul Ball, location: 2F
2-2: Foul Ball, location: 2F
2-2: Ball
3-2: DOUBLE (Flyball, 7LD, EV 105.6 MPH)
Pitching: RHP Lloyd Gamber
Batting: LHB Greg Knauf 0-0: Ball
1-0: Ball
2-0: Fly out, F3 (Line Drive, 3, EV 64.4 MPH)
Batting: RHB Dalmacio Escobar 0-0: Fly out, F8 (Flyball, 8RXD, EV 98.1 MPH)
Runner from 2nd tags up, SAFE at 3rd, no throw by CF
Batting: SHB Dwaine Echevarria 0-0: Swinging Strike
0-1: Foul Ball, location: 2F
0-2: Strikes out swinging
Bottom of the 6th over - 0 runs, 1 hit, 0 errors, 1 left on base; Burlington 1 - Billings 0
TOP OF THE 7TH
Burlington Sock Puppets batting - Pitching for Billings Mustangs : RHP Jameon Sage
Pitching: RHP Yenaido Acevedo
Batting: RHB Kraig Cuevas 0-0: Ball
1-0: Ball
2-0: Fly out, F7 (Flyball, 7S, EV 87.5 MPH)
Batting: RHB Sergio Garcia 0-0: Ground out 4-3 (Groundball, 4, EV 99.4 MPH)
Batting: RHB Fidel Reyes 0-0: Fly out, F8 (Flyball, 8LM, EV 83.8 MPH)
Top of the 7th over - 0 runs, 0 hits, 0 errors, 0 left on base; Burlington 1 - Billings 0
BOTTOM OF THE 7TH
Billings Mustangs batting - Pitching for Burlington Sock Puppets : RHP Lloyd Gamber
Batting: RHB Jason O'Daniel 0-0: Fly out, F9 (Flyball, 9, EV 93.1 MPH)
Batting: RHB Brandon Kendall 0-0: Ground out 3-1 (Groundball, 34S, EV 89.4 MPH)
Batting: LHB Hayden Browman 0-0: Foul Ball, location: 2F
0-1: Foul Ball, location: 2F
0-2: Ball
1-2: Ball
2-2: Reached on error, E3 (Groundball, 3S, EV 68.1 MPH)
Batting: RHB Willy Culbreth 0-0: Ball
1-0: Ball
2-0: Called Strike
2-1: Swinging Strike
2-2: Ball
3-2: Foul Ball, location: 2F
3-2: Base on Balls
Hayden Browman to second
Batting: RHB Travis Parsons 0-0: Fielders Choice at 2nd, 6-4 (Groundball, 6, EV 98.1 MPH)
Bottom of the 7th over - 0 runs, 0 hits, 1 error, 2 left on base; Burlington 1 - Billings 0
TOP OF THE 8TH
Burlington Sock Puppets batting - Pitching for Billings Mustangs : RHP Yenaido Acevedo
Batting: SHB Arbert Reinosa 0-0: Ball
1-0: Foul Ball, location: 2F
1-1: Foul Ball, location: 2F
1-2: Ground out 4-3 (Groundball, 4M, EV 86.9 MPH)
Batting: RHB Joshua Peterson 0-0: Called Strike
0-1: Hit by Pitch
Batting: RHB Luís Barraco 0-0: Ball
1-0: Foul Ball, location: 2F
1-1: Swinging Strike
1-2: Grounds into double play, 6-4-3 (Groundball, 6, EV 85.6 MPH)
Top of the 8th over - 0 runs, 0 hits, 0 errors, 0 left on base; Burlington 1 - Billings 0
BOTTOM OF THE 8TH
Billings Mustangs batting - Pitching for Burlington Sock Puppets : RHP Lloyd Gamber
Batting: LHB Felipe Hernandez 0-0: Ball
1-0: Foul Ball, location: 2F
1-1: Foul Ball, location: 2F
1-2: Ground out U3 (Groundball, 3L, EV 85.0 MPH)
Batting: LHB Greg Knauf 0-0: Ball
1-0: Called Strike
1-1: Ball
2-1: Swinging Strike
2-2: Ball
3-2: Strikes out swinging
Batting: RHB Dalmacio Escobar 0-0: Ball
1-0: Ball
2-0: Ball
3-0: Called Strike
3-1: Base on Balls
Pitching: RHP Josiah Lloyd
Batting: SHB Dwaine Echevarria 0-0: Ball
1-0: Called Strike
1-1: Called Strike
1-2: Fly out, F7 (Flyball, 7, EV 89.4 MPH)
Bottom of the 8th over - 0 runs, 0 hits, 0 errors, 1 left on base; Burlington 1 - Billings 0
TOP OF THE 9TH
Burlington Sock Puppets batting - Pitching for Billings Mustangs : RHP Yenaido Acevedo
Batting: LHB Cade Richmond 0-0: Foul Ball, location: 2F
0-1: Ball
1-1: Ball
2-1: SINGLE (Line Drive, 6, EV 99.4 MPH)
Batting: RHB Ronny Meckel 0-0: Ball
1-0: Ball
2-0: Foul Ball, location: 2F
2-1: Swinging Strike
2-2: Strikes out looking
Batting: RHB Winfred Ruff 0-0: Foul Ball, location: 2F
0-1: Ball
1-1: Grounds into double play, 4-6-3 (Groundball, 4D, EV 90.0 MPH)
Top of the 9th over - 0 runs, 1 hit, 0 errors, 0 left on base; Burlington 1 - Billings 0
BOTTOM OF THE 9TH
Billings Mustangs batting - Pitching for Burlington Sock Puppets : RHP Josiah Lloyd
Pitching: RHP Luke Shultis
Batting: RHB Jason O'Daniel 0-0: Swinging Strike
0-1: Swinging Strike
0-2: Strikes out looking
Batting: RHB Brandon Kendall 0-0: Ball
1-0: Ball
2-0: Foul Ball, location: 2F
2-1: Foul Ball, location: 2F
2-2: Strikes out swinging
Batting: LHB Hayden Browman 0-0: Called Strike
0-1: Foul Ball, location: 2F
0-2: Ball
1-2: Strikes out swinging
Bottom of the 9th over - 0 runs, 0 hits, 0 errors, 0 left on base; Burlington 1 - Billings 0
Sunday, May 5th , 2024 - OOTP Baseball 24.11 Build 85